 Dungeon Sprint DCSS version bcrawl-1.12.1 (webtiles) character file.

Game seed: 2364659007046246286

14900000 Groucho the Axe Maniac (level 27, -26/323 HPs)
             Began as a Demonspawn Rogue on July 14, 2019.
             Was the Champion of Makhleb.
             Killed by the air
             ... invoked by The Meatlord
              (27 damage)
             ... in the Dungeon (Sprint VIII: "Arena of Blood").
             The game lasted 00:03:57 (149 turns).

Groucho the Axe Maniac (Demonspawn Rogue)            Turns: 149, Time: 00:03:58

Health: -26/323    AC: 12    Str: 12    XL:     27
Magic:  37/54      EV: 37    Int: 13    God:    Makhleb [******]
Gold:   0          SH:  0    Dex: 27    Spells: 80/80 levels left

rFire    + . .     SeeInvis +   o - +∞ Axe of Woe
rCold    . . .     Gourm    .   (shield currently unavailable)
rNeg     . . .     Faith    .   c - +0 robe
rPois    .         Spirit   .   (helmet unavailable)
rElec    .         Reflect  .   d - +0 cloak
rCorr    .         Harm     .   (no gloves)
MR       ++...     NoTele   +   (no boots)
Stlth    +++++++++.             (no amulet)
HPRegen  11.63/turn             (no ring)
MPRegen  0.34/turn              (no ring)

@: lethally poisoned (-26 -> -26), slowed, drained, very slow
A: antennae 3, iridescent scales 3, fire resistance 1, ignite blood, powered by
death 3, robust 3, flame cloud immunity
a: Minor Destruction, Lesser Servant of Makhleb, Major Destruction, Greater
Servant of Makhleb, Renounce Religion


You were in the Dungeon.
You worshipped Makhleb.
Makhleb was exalted by your worship.
You were not hungry.

You visited 1 branch

Inventory:

Hand Weapons
 a - a +2 dagger
 b - a +0 blowgun
 o - the +∞ Axe of Woe (weapon)
   (You found it in the Dungeon)
Missiles
 e - 80 poisoned needles
Armour
 c - a +0 robe (worn)
 d - a +0 cloak (worn)
Jewellery
 p - a +30 ring of slaying
 q - a +30 ring of slaying
 r - a +30 ring of slaying
 s - a +30 ring of slaying
 t - a +200 ring of slaying
 u - a +200 ring of slaying
Wands
 f - a wand of flame (15)
 g - a wand of enslavement (15)
Scrolls
 n - a scroll of blinking
Potions
 i - a potion of curing
 j - a potion of heal wounds
 k - a potion of haste
 l - 2 potions of magic
 m - a potion of berserk rage
Comestibles
 h - a ration {!d}


   Skills:
 O Level 27(25.5) Fighting
 O Level 27(25.5) Short Blades
 O Level 27(25.5) Axes
 O Level 27(25.5) Throwing
 O Level 27(25.5) Armour
 O Level 27(25.5) Dodging
 O Level 27(25.5) Stealth
 O Level 27(25.5) Unarmed Combat
 O Level 27(25.5) Spellcasting
 O Level 27(25.5) Invocations
 O Level 27(25.5) Evocations


You had 80 spell levels left.
You didn't know any spells.
Your spell library was empty.

Dungeon Overview and Level Annotations

Branches:
Dungeon (1/1)

Altars:
Makhleb

Annotations:
D The Meatlord


Innate Abilities, Weirdness & Mutations

You have a pair of large antennae on your head. (SInv)
You are completely covered in iridescent scales. (AC +6)
Your flesh is heat resistant. (rF+)
Your demonic aura causes spilled blood to erupt in flames.
You regenerate a lot of health from kills.
You are extremely robust. (+30% HP)
You are immune to clouds of flame.


Message History

You destroy the accursed!
Makhleb accepts your kill.
You feel better.
You feel extremely nervous for a moment...
Your body is wracked with pain!
* * * LOW HITPOINT WARNING * * *
You hit the bag of meat.
You hew the bag of meat savagely.
You kill the bag of meat!
Makhleb accepts your kill.
You feel sick.
You hear a shout! x4
The accursed casts a spell at you. Something smites you!
* * * LOW HITPOINT WARNING * * *
The wretched soul breathes negative energy at you.
The bolt of negative energy hits you!
You feel drained.
* * * LOW HITPOINT WARNING * * *
The Meatlord waves its arms in wide circles.
The air twists around and strikes you!
You die...

#.. ...# #.. ...#
..... .###..
..%###{....
....%&###...§.{..%%
......_%)........% .
#..o.)#.......# ...
#☼o2oo#%.......
.....#.○D☼W#))....#.
%....S○○@°oo)G......
..G..oM###oO))x....#
..###.%{..{S###.....
. #.......# x....
#.%%....# {.§
..%....p{ ..
.p..%...... {{.
...........


You could see The Meatlord, an accursed, a reaper, an eight-headed meat hydra, 2
observers, 2 scourges, a large bag of meat (inner flame), a wretched soul
(invisible), 8 bags of meat and a crawling corpse.

Vanquished Creatures
  8 hell knights (D)
  11 hell beasts (D)
  7 greater mummies (D)
  5 great orbs of eyes (D)
  6 wraiths (D)
  25 vampire knights (D)
  47 ogres (D)
  5 two-headed ogres (D)
  6 liches (D)
  3 hydras (D)
  69 orcs (D)
  5 phantoms (D)
  9 skeletal warriors (D)
  4 sea snakes (D)
  14 small abominations (D)
  5 large abominations (D)
  29 crawling corpses (D)
258 creatures vanquished.

Vanquished Creatures (others)
  A great orb of eyes (D)
  A crawling corpse (D)
2 creatures vanquished.

Grand Total: 260 creatures vanquished

Notes
Turn   | Place    | Note
-------+----------+-------------------------------------------
     0 | D        | Found the +∞ Axe of Woe
     0 | D        | Groucho the Demonspawn Rogue began the quest for the Orb.
     0 | D        | Reached XP level 1. HP: 13/13 MP: 2/2
     2 | D        | Noticed a bag of meat
     2 | D        | Noticed a meat berserker
     3 | D        | Noticed a bag of meat
     4 | D        | Became a worshipper of Makhleb the Destroyer
     5 | D        | Killed a meat berserker
     5 | D        | Gained mutation: You have a pair of small antennae on your
                  | head. [demonic ancestry]
     5 | D        | Reached XP level 2. HP: 19/19 MP: 2/7
     5 | D        | Gained mutation: Your flesh is heat resistant. (rF+)
                  | [demonic ancestry]
     5 | D        | Reached XP level 3. HP: 24/24 MP: 2/9
     5 | D        | Gained mutation: You are partially covered in iridescent
                  | scales. (AC +2) [demonic ancestry]
     5 | D        | Reached XP level 4. HP: 30/30 MP: 2/10
     5 | D        | Gained mutation: You are mostly covered in iridescent
                  | scales. (AC +4) [demonic ancestry]
     5 | D        | Reached XP level 5. HP: 35/35 MP: 2/12
     5 | D        | Gained mutation: You regenerate a little health from kills.
                  | [demonic ancestry]
     5 | D        | Reached XP level 6. HP: 41/41 MP: 2/13
     5 | D        | Gained mutation: You have a pair of antennae on your head.
                  | [demonic ancestry]
     5 | D        | Reached XP level 7. HP: 46/46 MP: 2/14
     5 | D        | Reached XP level 8. HP: 52/52 MP: 2/15
     5 | D        | Gained mutation: You regenerate health from kills. [demonic
                  | ancestry]
     5 | D        | Reached XP level 9. HP: 57/57 MP: 2/16
     5 | D        | Reached XP level 10. HP: 63/63 MP: 2/17
     5 | D        | Gained mutation: You regenerate a lot of health from kills.
                  | [demonic ancestry]
     5 | D        | Reached XP level 11. HP: 68/68 MP: 2/18
     5 | D        | Reached XP level 12. HP: 74/74 MP: 2/19
     5 | D        | Gained mutation: You are immune to clouds of flame.
                  | [demonic ancestry]
     5 | D        | Reached XP level 13. HP: 79/79 MP: 2/20
     5 | D        | Noticed a bag of meat
     7 | D        | Noticed a bag of meat
     8 | D        | Killed a bag of meat
     8 | D        | Reached * piety under Makhleb
     8 | D        | Reached skill level 10 in Axes
     8 | D        | Reached skill level 10 in Dodging
     8 | D        | Noticed a bag of meat
     8 | D        | Noticed a meat berserker
    10 | D        | Killed a bag of meat
    10 | D        | Reached XP level 14. HP: 85/85 MP: 3/21
    10 | D        | Killed a meat berserker
    10 | D        | Gained mutation: Your demonic aura causes spilled blood to
                  | erupt in flames. [demonic ancestry]
    10 | D        | Reached XP level 15. HP: 90/90 MP: 3/22
    10 | D        | Noticed a meat berserker
    11 | D        | Noticed a meat berserker
    12 | D        | Reached ** piety under Makhleb
    13 | D        | Noticed a meat berserker
    14 | D        | Killed a meat berserker
    14 | D        | Reached XP level 16. HP: 96/96 MP: 3/23
    15 | D        | Killed a meat berserker
    15 | D        | Reached *** piety under Makhleb
    15 | D        | Gained mutation: You have a pair of large antennae on your
                  | head. (SInv) [demonic ancestry]
    15 | D        | Reached XP level 17. HP: 101/101 MP: 4/24
    17 | D        | Reached skill level 10 in Short Blades
    17 | D        | Reached skill level 5 in Invocations
    17 | D        | Reached skill level 10 in Evocations
    19 | D        | Killed a meat berserker
    19 | D        | Reached skill level 27 in Axes
    19 | D        | Reached skill level 27 in Dodging
    19 | D        | Reached skill level 27 in Stealth
    19 | D        | Reached skill level 10 in Invocations
    25 | D        | Reached **** piety under Makhleb
    25 | D        | Reached XP level 18. HP: 133/133 MP: 5/30
    26 | D        | Noticed a meat berserker
    32 | D        | Killed a meat berserker
    32 | D        | Reached skill level 15 in Invocations
    33 | D        | Noticed a destroyer
    34 | D        | Noticed a sculptor of flesh
    34 | D        | Reached skill level 15 in Evocations
    34 | D        | Killed a sculptor of flesh
    34 | D        | Reached skill level 15 in Short Blades
    34 | D        | Reached skill level 15 in Throwing
    34 | D        | Gained mutation: You are robust. (+10% HP) [demonic
                  | ancestry]
    34 | D        | Reached XP level 19. HP: 145/166 MP: 7/35
    34 | D        | Noticed a meat berserker
    35 | D        | Noticed a destroyer
    35 | D        | Noticed a meat berserker
    36 | D        | Reached ***** piety under Makhleb
    36 | D        | Noticed a destroyer
    37 | D        | Noticed a destroyer
    37 | D        | Noticed a meat berserker
    37 | D        | Noticed a destroyer
    38 | D        | Reached skill level 15 in Fighting
    38 | D        | Noticed a large bag of meat
    40 | D        | Killed a destroyer
    40 | D        | Reached XP level 20. HP: 184/184 MP: 9/40
    40 | D        | Killed a meat berserker
    40 | D        | Noticed a meat berserker
    41 | D        | Killed a destroyer
    41 | D        | Noticed a destroyer
    42 | D        | Killed a meat berserker
    42 | D        | Reached ****** piety under Makhleb
    42 | D        | Reached XP level 21. HP: 203/203 MP: 9/44
    43 | D        | Noticed an accursed
    44 | D        | Killed a destroyer
    44 | D        | Reached skill level 27 in Invocations
    44 | D        | Killed a destroyer
    44 | D        | Reached XP level 22. HP: 222/222 MP: 9/48
    44 | D        | Noticed a destroyer
    45 | D        | Noticed a destroyer
    46 | D        | Killed an accursed
    46 | D        | Reached skill level 27 in Evocations
    46 | D        | Gained mutation: You are very robust. (+20% HP) [demonic
                  | ancestry]
    46 | D        | Reached XP level 23. HP: 231/260 MP: 10/51
    46 | D        | Killed a destroyer
    46 | D        | Reached skill level 27 in Fighting
    46 | D        | Reached skill level 27 in Short Blades
    46 | D        | Reached skill level 27 in Throwing
    47 | D        | Reached skill level 27 in Armour
    47 | D        | Reached skill level 27 in Unarmed Combat
    47 | D        | Reached skill level 27 in Spellcasting
    47 | D        | Killed a destroyer
    47 | D        | Gained mutation: You are extremely robust. (+30% HP)
                  | [demonic ancestry]
    47 | D        | Reached XP level 24. HP: 262/295 MP: 10/54
    48 | D        | Killed a large bag of meat
    49 | D        | Noticed a tyrant
    50 | D        | Noticed a destroyer
    51 | D        | Killed a destroyer
    51 | D        | Reached XP level 25. HP: 304/304 MP: 11/54
    51 | D        | Noticed a destroyer
    53 | D        | Killed a destroyer
    55 | D        | Killed a destroyer
    55 | D        | Noticed an accursed
    57 | D        | Noticed a destroyer
    57 | D        | Noticed a destroyer
    58 | D        | Killed a destroyer
    58 | D        | Gained mutation: You are completely covered in iridescent
                  | scales. (AC +6) [demonic ancestry]
    58 | D        | Reached XP level 26. HP: 217/314 MP: 13/54
    59 | D        | Killed a destroyer
    59 | D        | Noticed a large bag of meat
    60 | D        | Reached XP level 27. HP: 323/323 MP: 14/54
    63 | D        | Killed a tyrant
    63 | D        | Killed an accursed
    65 | D        | Noticed a destroyer
    66 | D        | Noticed a destroyer
    69 | D        | Noticed a meat beast
    69 | D        | Noticed a large bag of meat
    70 | D        | Killed a large bag of meat
    70 | D        | Killed a destroyer
    70 | D        | Killed a destroyer
    72 | D        | Noticed a meat beast
    72 | D        | Noticed an accursed
    72 | D        | Noticed a meat beast
    73 | D        | Noticed a tyrant
    73 | D        | Killed a meat beast
    74 | D        | Killed a destroyer
    75 | D        | Noticed a dread
    75 | D        | Noticed a large bag of meat
    77 | D        | Killed a meat beast
    77 | D        | Noticed a dread
    78 | D        | Killed a large bag of meat
    78 | D        | Killed a meat beast
    78 | D        | Noticed a meat beast
    79 | D        | Noticed a destroyer
    79 | D        | Noticed a destroyer
    80 | D        | Noticed a destroyer
    80 | D        | Noticed a dread
    81 | D        | Noticed a meat beast
    82 | D        | Killed a meat beast
    82 | D        | Killed a destroyer
    83 | D        | Killed a large bag of meat
    84 | D        | Killed a destroyer
    86 | D        | Killed a dread
    86 | D        | Killed a meat beast
    91 | D        | Killed an accursed
    91 | D        | Noticed a destroyer
    91 | D        | Noticed a destroyer
    92 | D        | Noticed a meat beast
    93 | D        | Noticed a meat beast
    93 | D        | Noticed a destroyer
    94 | D        | Noticed a tyrant
    94 | D        | Killed a destroyer
    94 | D        | Killed a destroyer
    94 | D        | Killed a dread
    96 | D        | Noticed a meat beast
    96 | D        | Noticed an accursed
    97 | D        | Killed a dread
    98 | D        | Noticed an accursed
    98 | D        | Noticed a destroyer
   100 | D        | Killed a meat beast
   100 | D        | Noticed a destroyer
   100 | D        | Noticed an accursed
   103 | D        | Killed a destroyer
   104 | D        | Killed a destroyer
   105 | D        | Killed a destroyer
   105 | D        | Killed a meat beast
   106 | D        | Noticed a tyrant
   106 | D        | Noticed a destroyer
   107 | D        | Noticed a dread
   108 | D        | Noticed a dread
   109 | D        | Killed a tyrant
   110 | D        | Killed a tyrant
   110 | D        | Noticed a dread
   112 | D        | Killed a meat beast
   112 | D        | Killed an accursed
   113 | D        | Noticed a tyrant
   116 | D        | Killed an accursed
   117 | D        | Killed a dread
   117 | D        | Noticed a fleshlord
   118 | D        | Noticed a meat beast
   121 | D        | Noticed a large bag of meat
   122 | D        | Killed a destroyer
   124 | D        | Killed a dread
   125 | D        | Noticed a fleshlord
   125 | D        | Noticed a destroyer
   126 | D        | Killed a fleshlord
   126 | D        | Killed a tyrant
   127 | D        | Killed a meat beast
   127 | D        | Killed a fleshlord
   127 | D        | Noticed a meat beast
   127 | D        | Noticed a fleshlord
   127 | D        | Noticed a fleshlord
   129 | D        | Killed a destroyer
   130 | D        | Noticed a fleshlord
   131 | D        | Killed a large bag of meat
   131 | D        | Killed a destroyer
   131 | D        | Noticed a fleshlord
   132 | D        | Noticed a meat beast
   132 | D        | Noticed a destroyer
   132 | D        | Noticed a fleshlord
   133 | D        | Killed a meat beast
   134 | D        | Noticed a tyrant
   134 | D        | Noticed an accursed
   135 | D        | Killed a meat beast
   135 | D        | Killed a destroyer
   136 | D        | Noticed a fleshlord
   137 | D        | Killed a fleshlord
   137 | D        | Noticed an accursed
   139 | D        | Killed a dread
   139 | D        | Killed a tyrant
   139 | D        | Noticed a fleshlord
   143 | D        | Killed a fleshlord
   143 | D        | Killed a fleshlord
   143 | D        | Killed a fleshlord
   144 | D        | Killed a fleshlord
   144 | D        | Noticed a large bag of meat
   144 | D        | Noticed a dread
   145 | D        | Killed a tyrant
   146 | D        | Killed a fleshlord
   147 | D        | Noticed The Meatlord
   148 | D        | Killed an accursed
   149 | D        | Killed an accursed
   149 | D        | HP: 1/323 [wretched soul/bolt of negative energy (79)]
   149 | D        | Killed from afar by The Meatlord

Skill      XL: |  1  2  3  4  5  6  7  8  9 10 11 12 13 14 15 16 17 18 19 20 21 22 23 |
---------------+----------------------------------------------------------------------+-----
Short Blades   | 9 12 15 18 20 23 25 27 | 27.0
Throwing       | 9 12 15 18 20 23 25 27 | 27.0
Stealth        | 26 27 | 27.0
Evocations     | 9 13 16 19 22 25 27 | 27.0
Axes           | 14 18 23 26 27 | 27.0
Dodging        | 14 18 23 26 27 | 27.0
Fighting       | 9 13 17 20 24 26 27 | 27.0
Armour         | 8 12 16 19 22 24 27 | 27.0
Unarmed Combat | 8 12 16 19 22 24 27 | 27.0
Spellcasting   | 8 12 16 19 22 24 27 | 27.0
Invocations    | 12 17 21 25 27 | 27.0

Action                   |  1- 3 |  4- 6 |  7- 9 | 10-12 | 13-15 | 16-18 | 19-21 | 22-24 | 25-27 || total
-------------------------+-------+-------+-------+-------+-------+-------+-------+-------+-------++-------
Melee: Executioner's axe |     1 |       |       |       |     4 |     6 |     8 |     5 |    85 ||   109
Armor: Robe              |       |       |       |       |       |       |       |       |     4 ||     4
Dodge: Dodged            |       |       |       |       |       |     1 |       |       |    18 ||    19
